 Dungeon Crawl Stone Soup version 0.30-a0-953-g5f1da4a474 (webtiles) character file.

Game seed: 16061582436718696255

2831 cforsyth the Fighter (level 10, -2/86 HPs)
             Began as a Formicid Fighter on Mar 28, 2023.
             Was a Believer of Ru.
             Slain by an orc warrior
             ... wielding a +0 war axe
              (5 damage)
             ... in a bailey.
             The game lasted 00:10:42 (6241 turns).

cforsyth the Fighter (Formicid Fighter)             Turns: 6241, Time: 00:10:43

Health: -2/86      AC: 33    Str: 25    XL:     10   Next: 3%
Magic:  10/10      EV: 11    Int:  8    God:    Ru [**....]
Gold:   482        SH:  5    Dex: 13    Spells: 9/9 levels left

rFire   . . .      SeeInvis +    z - +4 flail (protect)
rCold   + . .      Faith    .    c - +0 buckler
rNeg    . . .      Spirit   .    h - +9 plate armour of Hide-and-Seek {rC+}
rPois   +          Reflect  .    (helmet unavailable)
rElec   .          Rampage  .    x - +0 cloak
rCorr   .                        e - +3 pair of gauntlets of War {Slay+5}
Will    +....                    v - +0 pair of boots Stlth
                                 (no amulet)
HPRegen 0.34/turn                k - ring of poison resistance
MPRegen 0.12/turn                y - +5 ring of evasion

@: mighty, under a protective aura
A: permanent stasis, dig shafts and tunnels, antennae 3, no potion heal 1,
inability to train dodging, four strong arms
a: Dig, Renounce Religion


You were in a bailey.
You worshipped Ru.
Ru was pleased with you.
You visited 1 branch of the dungeon, and saw 8 of its levels.
You also visited: Bailey.

You collected 482 gold pieces.

Inventory:

Hand Weapons
 a - a +0 flail
 z - a +4 flail of protection (weapon)
 I - a +4 dire flail
Armour
 b - a +0 scale mail
 c - a +0 buckler (worn)
 e - the +3 pair of gauntlets of War (worn) {Slay+5}
   (You acquired it on level 8 of the Dungeon)

   Slay:      It affects your accuracy & damage with ranged weapons and melee
   (+5).
 h - the +9 plate armour of Hide-and-Seek (worn) {rC+}
   (You acquired it on level 8 of the Dungeon)

   rC:        It protects you from cold.
 u - a +0 plate armour
 v - a +0 pair of boots (worn)
 x - a +0 cloak (worn)
Jewellery
 k - a ring of poison resistance (left hand)
 y - a +5 ring of evasion (right hand)
Wands
 C - a wand of flame (32)
Scrolls
 f - a scroll of poison {unknown}
 g - a scroll of brand weapon {unknown}
 i - a scroll of fear {unknown}
 j - a scroll of blinking {unknown}
 l - a scroll of torment {unknown}
 o - a scroll of noise {unknown}
 E - a scroll of enchant weapon {unknown}
 H - a scroll of immolation {unknown}
Potions
 d - a potion of might
 m - a potion of magic
 n - 4 potions of heal wounds
 q - a potion of attraction
 r - a potion of flight
 w - 3 potions of curing
 A - a potion of ambrosia {unknown}
 B - a potion of haste {unknown}
 D - a potion of lignification
 F - a potion of invisibility {unknown}
 G - a potion of brilliance {unknown}


   Skills:
 + Level 10.7 Fighting
 + Level 9.5 Maces & Flails
 - Level 3.2 Armour
 - Level 4.0 Shields


You had 9 spell levels left.
You didn't know any spells.
Your spell library contained the following spells:

 Spells                   Type           Power      Damage    Failure   Level
 Apportation              Tloc           0%         N/A       100%        1
 Necrotise                Necr           0%         1d4       100%        1
 Summon Small Mammal      Summ           0%         N/A       100%        1
 Call Canine Familiar     Summ           0%         N/A       100%        3
 Portal Projectile        Hex/Tloc       0%         N/A       100%        3
 Leda's Liquefaction      Hex/Erth       0%         N/A       100%        4


Dungeon Overview and Level Annotations

Branches:
Dungeon (8/15)             Temple (0/1) D:5          Bailey (1/1)
   Lair: D:8-11

Altars:
Gozag
Okawaru
Ru
Vehumet
Zin

Shops:
D:5 [   D:6 (

Annotations:
D:4 1 runed translucent door, ananimalfarmdonkey's ghost, novice HOBe
D:6 2 transporters, DeathPants's ghost, weakling VSDe


Innate Abilities, Weirdness & Mutations

You cannot be hasted, slowed, berserked, paralysed or teleported.
You can dig through walls and to a lower floor.
You have a pair of large antennae on your head. (SInv)
Potions are less effective at restoring your health.
You cannot train Dodging skill.
Your four strong arms can wield two-handed weapons with a shield.


Message History

The orc knight is moderately wounded.
The orc warrior closely misses you. The orc knight barely misses you.
You feel very mighty all of a sudden.
The orc knight hits you with a +0 war axe!
* * * LOW HITPOINT WARNING * * *
The orc warrior hits you with a +0 war axe.
* * * LOW HITPOINT WARNING * * *
You bludgeon the orc knight!!
The orc knight is severely wounded.
The orc warrior no longer looks unusually strong.
You block the orc warrior's attack.
The orc knight hits you with a +0 war axe.
* * * LOW HITPOINT WARNING * * *
You closely miss the orc knight.
The orc knight is severely wounded.
The orc warrior hits you but does no damage.
The orc knight hits you but does no damage.
You barely miss the orc knight.
The orc knight is severely wounded.
The orc warrior hits you but does no damage.
The orc knight hits you but does no damage.
You hit the orc knight.
The orc knight is severely wounded.
The orc warrior closely misses you. The orc knight misses you.
You barely miss the orc knight.
The orc knight is severely wounded.
The orc knight hits you with a +0 war axe!
* * * LOW HITPOINT WARNING * * *
You block the orc warrior's attack.
A kobold comes into view.
You closely miss the orc knight.
The orc knight is severely wounded.
The kobold shouts!
You block the orc knight's attack. You block the orc warrior's attack.
You barely miss the orc knight.
The orc knight is severely wounded.
The orc knight roars a battlecry!
The orc warrior goes into a battle-frenzy!
The orc warrior hits you with a +0 war axe.
You die...

##### ##!$.##
##?....##
##.......######
##!.8..8........
#!..............
#$......))...K..
#...8..oo).#
##.....@####
♣##.....#~~~~~
♣.##....#~.8...8
♣♣..###'###......
♣...~~~.# .8...8
♣♣...~~~.# ......
♣∩...~~~.# ....∩..
♣♣...~~~.##.........##
♣...~~~)#~..8...8..~#


You could see an orc knight, an orc warrior (strong) and a kobold.

Vanquished Creatures
  An orc knight (Bailey)
  Edmund (D:5)
  2 black bears
  4 ice beasts
  An orc warrior (Bailey)
  A centaur (D:6)
  2 phantoms
  A kobold brigand (D:8)
  2 gnoll sergeants
  Blork the orc (D:6)
  2 bullfrogs
  A scorpion (D:4)
  9 wights
  An orc priest (D:5)
  3 hounds
  A jelly (D:6)
  3 orc wizards
  An iguana (D:4)
  11 gnolls
  5 adders
  2 white imps
  5 ufetubi
  3 worms (D:4)
  11 orcs
  4 endoplasms
  3 giant cockroaches
  14 goblins
  11 hobgoblins
  A jackal (D:5)
  6 quokkas
  5 ball pythons
  3 bats
  2 frilled lizards (D:3)
  14 kobolds
  A rat (D:1)
138 creatures vanquished.

Vanquished Creatures (others)
  A hobgoblin (Bailey)
1 creature vanquished.

Grand Total: 139 creatures vanquished

Notes
Turn   | Place    | Note
-------+----------+-------------------------------------------
     0 | D:1      | cforsyth the Formicid Fighter began the quest for the Orb.
     0 | D:1      | Reached XP level 1. HP: 18/18 MP: 1/1
    93 | D:1      | Reached XP level 2. HP: 23/24 MP: 2/2
   671 | D:2      | Reached skill level 4 in Fighting
   671 | D:2      | Reached XP level 3. HP: 30/30 MP: 3/3
  1128 | D:3      | Reached XP level 4. HP: 32/37 MP: 4/4
  1132 | D:3      | Found a glowing silver altar of Zin.
  1397 | D:3      | Found a faded altar of an unknown god.
  1788 | D:4      | Noticed a scorpion
  1847 | D:4      | Reached XP level 5. HP: 39/43 MP: 5/5
  1999 | D:4      | Reached skill level 5 in Fighting
  2045 | D:4      | Reached XP level 6. HP: 51/51 MP: 6/6
  2096 | D:4      | Found a runed translucent door.
  2096 | D:4      | Noticed ananimalfarmdonkey's ghost (novice HOBe)
  2386 | D:4      | Found an opulent altar of Gozag.
  2417 | D:4      | Found a radiant altar of Vehumet.
  2614 | D:5      | Entered Level 5 of the Dungeon
  2621 | D:5      | Noticed an ice beast
  2631 | D:5      | Killed an ice beast
  2632 | D:5      | Reached skill level 6 in Fighting
  2652 | D:5      | Reached skill level 5 in Maces & Flails
  2652 | D:5      | Reached XP level 7. HP: 58/58 MP: 7/7
  2892 | D:5      | Found Gukup's Antique Armour Boutique.
  2907 | D:5      | Found a sacrificial altar of Ru.
  2920 | D:5      | Became a worshipper of Ru the Awakened
  2924 | D:5      | Noticed Edmund
  2940 | D:5      | Killed Edmund
  3127 | D:5      | Found a staircase to the Ecumenical Temple.
  3140 | D:5      | Reached skill level 7 in Fighting
  3251 | D:5      | Reached XP level 8. HP: 67/67 MP: 8/8
  3965 | D:6      | Reached skill level 8 in Fighting
  4141 | D:6      | Reached XP level 9. HP: 75/75 MP: 9/9
  4165 | D:6      | Reached skill level 9 in Fighting
  4196 | D:6      | Found an iron altar of Okawaru.
  4236 | D:6      | Found Anken Tahuu's Weapon Shop.
  4274 | D:6      | Noticed Blork the orc
  4281 | D:6      | Killed Blork the orc
  4368 | D:6      | Gained mutation: You cannot train Dodging skill. [Ru
                  | sacrifice]
  4368 | D:6      | Reached * piety under Ru
  4432 | D:6      | Found a transporter.
  4432 | D:6      | Noticed DeathPants's ghost (weakling VSDe)
  4435 | D:6      | Identified the +5 great mace of Nuari {freeze, rElec Str+4
                  | SInv}
  4443 | D:6      | Found a transporter.
  5917 | D:7      | Reached skill level 10 in Fighting
  5972 | D:8      | Identified 2 scrolls of acquirement
  5972 | D:8      | Acquired the +9 plate armour of Hide-and-Seek {rC+}
  5985 | D:8      | Acquired the +3 pair of gauntlets of War {Slay+5}
  5985 | D:8      | Found the +3 pair of gauntlets of War {Slay+5}
  6079 | D:8      | Noticed Psyche
  6088 | D:8      | Psyche changed into Psyche the hobgoblin
  6088 | D:8      | Noticed Psyche
  6089 | D:8      | Killed Psyche the hobgoblin
  6090 | D:8      | Found a flagged portal.
  6118 | Bailey   | Entered a bailey
  6155 | Bailey   | Noticed an orc warlord
  6176 | Bailey   | Gained mutation: Potions are less effective at restoring
                  | your health. [Ru sacrifice]
  6176 | Bailey   | Reached ** piety under Ru
  6213 | Bailey   | Noticed an orc knight
  6218 | Bailey   | Noticed an orc knight
  6225 | Bailey   | Killed an orc knight
  6226 | Bailey   | Reached XP level 10. HP: 45/86 MP: 10/10
  6239 | Bailey   | HP: 2/86 [orc knight/+0 war axe (13)]
  6241 | Bailey   | Slain by an orc warrior

Illustrated notes

Levels and vault maps discovered:
D:1:      minmay_arrival_glassed_features, layout_loops_ring
D:2:      layout_rooms, kennysheep_generic_room_10
D:3:      layout_rooms, mainiacjoe_overflow_cross_hatched,
          shapermc_ecumenical_altar_totnotflames,
          corexii_item_surrounded_by_moat
D:4:      minmay_wonky_spiral, layout_basic, mainiacjoe_overflow_two_lobes,
          serial_curves, eino_curves_02, eino_curves_01, gammafunk_ghost_grave,
          grunt_tough_drop
D:5:      layout_basic, nicolae_ru_great_annihilating_truth,
          minmay_temple_entry_sparse_star, serial_shops, nicolae_diamond_shop,
          uniq_edmund
D:6:      layout_basic, lemuel_doored_altar, gammafunk_ghost_smash,
          serial_shops, kennysheep_little_box, uniq_blork_the_orc
D:7:      layout_gridville, minmay_misc_feat_encased
D:8:      layout_gridville, mainiacjoe_overflow_concentric_impassable,
          enter_bailey_5, uniq_pikel, uniq_psyche
Bailey:   bailey_axe_bossmonster_kennysheep, bailey

Skill      XL: |  1  2  3  4  5  6  7  8  9 |
---------------+----------------------------+-----
Fighting       | 4 5 6 7 8 10 | 10.7
Maces & Flails | 3 4 5 6 7 9 |  9.5
Armour         | |  3.2
Shields        | |  4.0

Action                     |  1- 3 |  4- 6 |  7- 9 | 10-12 || total
---------------------------+-------+-------+-------+-------++-------
  Melee: Flail             |    96 |   145 |   256 |    14 ||   511
 Invoke: Sacrifice Purity  |       |       |     1 |       ||     1
         Sacrifice Nimblen |       |       |     1 |       ||     1
    Use: Potion            |       |       |     1 |     1 ||     2
         Scroll            |       |       |    12 |       ||    12
   Stab: Paralysed         |       |       |     1 |       ||     1
 Armour: Scale mail        |    61 |    12 |       |       ||    73
         Plate armour      |       |    72 |   140 |     9 ||   221
  Dodge: Dodged            |    74 |    51 |   149 |     5 ||   279
  Block: Buckler           |    37 |    36 |    56 |     6 ||   135

Table legend: (Time is in decaauts)
 A = Elapsed time spent in this place.
 B = Non-inter-level travel time spent in this place.
 C = Inter-level travel time spent in this place.
 D = Time resting spent in this place.
 E = Time spent auto-exploring this place.
 F = Levels seen in this place.
 G = Mean time per level.
                   A        B        C        D        E       F      G
               +--------+--------+--------+--------+--------+-----+--------+
         Total |   6320 |   6104 |    216 |    507 |   4147 |   9 |  702.2 |
       Dungeon |   6195 |   5979 |    216 |    507 |   4104 |   8 |  774.4 |
        Bailey |    125 |    125 |      0 |      0 |     43 |   1 |  125.0 |
               +--------+--------+--------+--------+--------+-----+--------+

Top non-repeatable levels by time:
     D:5: 1286 daAuts
     D:7: 1084 daAuts
     D:6: 991 daAuts
     D:4: 953 daAuts
     D:3: 698 daAuts
     D:1: 632 daAuts
     D:2: 390 daAuts
     D:8: 159 daAuts
  Bailey: 125 daAuts
